Map: Eternal Empire LE

Players

Kelsorg - Winner!

  • Race: Zerg Zerg
  • Spawn Location: 7:00

VOD

Have the link to the VOD?

Description

Is that good? I really tried my best.

Time

  • Played on: May 21, 2020, 3:32 p.m.
  • Length: 9:12
Show
View Real Time Build Order
Export as new Build Order

Kelsorg Zerg - Winner!

Build Orders: Hatch First 

Get SALT Encoding   

  12  0:11  Drone x2  
  12  0:16  Overlord  
  12  0:45  Drone  
  12  0:49  Drone  
  12  0:51  Hatchery  
  12  1:07  Spawning Pool  
  12  1:38  Drone x2  
  12  1:41  Extractor, Drone  
  12  2:02  Queen x2  
  12  2:10  Drone  
  12  2:11  Drone x3  
  12  2:15  Drone  
  12  2:21  Drone  
  12  2:28  Drone, Roach Warren  
  12  2:50  Drone x2  
  12  3:02  Overlord  
  12  3:03  Overlord x3  
  12  3:20  Queen  
  12  3:23  Drone  
  12  3:24  Drone x3  
  12  3:25  Drone  
  12  3:28  Drone  
  12  3:29  Hatchery  
  12  3:35  Drone  
  12  3:37  Drone  
  12  3:38  Drone  
  12  3:59  Drone x2  
  12  4:00  Drone  
  12  4:09  Drone  
  12  4:10  Extractor  
  12  4:11  Drone x2  
  12  4:12  Drone  
  12  4:30  Overlord  
  12  4:31  Overlord x8  
  12  4:45  Drone x3  
  12  5:01  Drone x8  
  12  5:02  Drone  
  12  5:04  Drone  
  12  5:11  Drone  
  12  5:15  Extractor  
  12  5:17  Extractor  
  12  5:22  Extractor  
  12  5:26  Extractor  
  12  5:32  Drone  
  12  5:33  Drone x2  
  12  5:36  Drone x3  
  12  5:38  Drone x2  
  12  5:39  Drone x2  
  12  5:43  Drone x2  
  12  5:45  Drone x2  
  12  5:46  Drone  
  12  5:48  Drone  
  12  6:03  Drone  
  12  6:04  Drone x2  
  12  6:22  Queen  
  12  6:28  Roach, Hatchery  
  12  6:29  Roach x15  
  12  6:50  Roach  
  12  6:51  Roach x4  
  12  6:55  Overlord  
  12  6:56  Overlord x9  
  12  7:11  Roach  
  12  7:12  Roach x3  
  12  7:38  Roach x10  
  12  7:56  Roach  
  12  7:57  Roach x6  
  12  8:04  Roach x7  
  12  8:11  Roach  
  12  8:26  Roach x9  
  12  8:43  Roach x4  
Tags
 
Add a new tag
Caveats
  • Supply blocks, unpowered buildings, or Contaminate may cause inaccurate times.
  • Supply counts are checked every 10 seconds.